 Dungeon Crawl Stone Soup version 0.26.1-2-gb8aa6d0cf2 (webtiles) character file.

Game seed: 4209219628767729731

551 H0rd4k the Charlatan (level 7, 0/51 HPs)
             Began as a Human Artificer on Feb 9, 2021.
             Slain by Crazy Yiuf
             ... wielding a +3 quarterstaff of chaos
              (1 damage)
             ... on level 3 of the Dungeon.
             The game lasted 00:09:34 (7707 turns).

H0rd4k the Charlatan (Human Artificer)              Turns: 7707, Time: 00:09:34

Health: 0/51       AC:  4    Str: 14    XL:     7   Next: 54%
Magic:  7/7        EV: 13    Int: 12    God:
Gold:   146        SH:  0    Dex: 13    Spells: 6/6 levels left

rFire    . . .     SeeInvis .   y - +0 dagger (holy)
rCold    . . .     Faith    .   (no shield)
rNeg     . . .     Spirit   .   b - +0 leather armour
rPois    .         Reflect  .   q - +0 helmet
rElec    .         Harm     .   (no cloak)
rCorr    +         Rampage  .   (no gloves)
Will     .....                  (no boots)
Stlth    ++........             (no amulet)
HPRegen  0.17/turn              k - ring of resist corrosion
MPRegen  0.10/turn              (no ring)

@: lethally poisoned (0 -> -3)
A: no striking features
a: no special abilities


You were on level 3 of the Dungeon.
You visited 1 branch of the dungeon, and saw 4 of its levels.

You collected 146 gold pieces.

Inventory:

Hand Weapons
 y - a +0 dagger of holy wrath (weapon)
Missiles
 s - 13 poisoned darts
Armour
 b - a +0 leather armour (worn)
 q - a +0 helmet (worn)
Jewellery
 k - a ring of resist corrosion (left hand)
Wands
 e - a wand of random effects (2)
Scrolls
 a - a scroll of random uselessness {unknown}
 f - 4 scrolls of identify
 g - a scroll of magic mapping {unknown}
 h - 2 scrolls of remove curse {unknown}
 l - 2 scrolls of teleportation {unknown}
 m - a scroll of enchant armour {unknown}
 n - 2 scrolls of amnesia {unknown}
 t - a scroll of blinking {unknown}
 u - 2 scrolls of immolation {unknown}
Potions
 j - a potion of mutation {unknown}
 o - a potion of haste {unknown}
 p - a potion of magic {unknown}
 r - 3 potions of curing
 v - a potion of lignification {unknown}
 w - a potion of attraction {unknown}


   Skills:
 + Level 2.4 Fighting
 + Level 3.2 Short Blades
 + Level 3.9 Armour
 + Level 3.4 Dodging
 + Level 2.2 Stealth
 + Level 4.3 Evocations


You had 6 spell levels left.
You didn't know any spells.
Your spell library was empty.

Dungeon Overview and Level Annotations

Branches:
Dungeon (4/15)             Temple (0/1) D:4

Altars:
Ashenzari
Gozag
Hepliaklqana
Kikubaaqudgha
Nemelex Xobeh
Qazlal
Trog
Wu Jian
Xom
Yredelemnul

Annotations:
D:1 exclusion: downstairs
D:3 1 runed translucent door, exclusion: door, Crazy Yiuf


Message History

You closely miss Crazy Yiuf.
Crazy Yiuf is lightly wounded.
You feel sick.
You hit Crazy Yiuf.
Crazy Yiuf is moderately wounded.
Crazy Yiuf hits you with a +3 quarterstaff of chaos!
You are electrocuted!
* * * LOW HITPOINT WARNING * * *
Unknown command.
Aiming: Random Effects
Press: ? - help, Shift-Dir - straight line, f - Crazy Yiuf
Aim: Crazy Yiuf, wielding a +3 quarterstaff of chaos and wearing a +0 cloak (moderately wounded)
The bolt of poison hits Crazy Yiuf!
Crazy Yiuf is poisoned.
Crazy Yiuf is almost dead.
You feel sick.
Crazy Yiuf screams, "Ice!"
Crazy Yiuf hits you with a +3 quarterstaff of chaos!
* * * LOW HITPOINT WARNING * * *
Crazy Yiuf freezes you.
You die...

#############
............#
#####
.###...###.##
#..)#
..#.###.##.##
#...# ....#
#.....# #@g.#
###########
..#.###.#...#
##+##
#.........#
............#
##.#
#########.#
............#
#.## #.#
............#
##.# #.#
≈≈≈≈.....>..#
#.## #.#
≈≈≈≈..###...#
##.## #####
#.# ≈≈≈...#
##.## #...##
#...# #.#
≈≈....# #.##
#....# ###.#
#.#


You could see Crazy Yiuf (poisoned).

Vanquished Creatures
  A water moccasin (D:2)
  2 ogres (D:4)
  A centaur (D:4)
  An orc wizard (D:2)
  A bullfrog skeleton (D:4)
  3 adders
  3 worms
  3 dart slugs
  4 leopard geckos
  6 orcs
  7 giant cockroaches
  17 goblins
  8 hobgoblins
  7 jackals
  3 ball pythons
  3 bats
  7 frilled lizards
  5 kobolds
  A leopard gecko skeleton (D:4)
  4 rats
87 creatures vanquished.

Vanquished Creatures (collateral kills)
  Robin (D:2)
  An adder (D:4)
  An adder skeleton (D:4)
  A hobgoblin (D:2)
  2 jackals (D:1)
6 creatures vanquished.

Vanquished Creatures (others)
  2 adders
  An orc (D:2)
  2 jackals (D:1)
5 creatures vanquished.

Grand Total: 98 creatures vanquished

Notes
Turn   | Place    | Note
-------+----------+-------------------------------------------
     0 | D:1      | H0rd4k the Human Artificer began the quest for the Orb.
     0 | D:1      | Reached XP level 1. HP: 15/15 MP: 1/1
   452 | D:1      | Reached XP level 2. HP: 21/21 MP: 2/2
  1113 | D:1      | Reached XP level 3. HP: 9/26 MP: 3/3
  2242 | D:2      | Reached skill level 1 in Short Blades
  2541 | D:2      | Reached XP level 4. HP: 21/32 MP: 4/4
  2845 | D:2      | Found a sparkling altar of Nemelex Xobeh.
  2861 | D:2      | Noticed Robin
  3253 | D:2      | Noticed a water moccasin
  3273 | D:2      | Killed Robin
  3274 | D:2      | Reached XP level 5. HP: 30/37 MP: 5/5
  3445 | D:2      | Killed a water moccasin
  3446 | D:2      | Reached skill level 4 in Evocations
  3446 | D:2      | Reached XP level 6. HP: 27/44 MP: 6/6
  3804 | D:2      | Found a broken altar of Ashenzari.
  3884 | D:2      | Found a bloodstained altar of Trog.
  4651 | D:3      | Found a shimmering altar of Xom.
  4651 | D:3      | Found a basalt altar of Yredelemnul.
  4667 | D:3      | Found a hazy altar of Hepliaklqana.
  4669 | D:3      | Found an ancient bone altar of Kikubaaqudgha.
  4671 | D:3      | Found an ornate altar of the Wu Jian Council.
  5374 | D:3      | Found a runed translucent door.
  5375 | D:3      | Noticed Crazy Yiuf
  5605 | D:3      | Found an opulent altar of Gozag.
  5647 | D:3      | Found a stormy altar of Qazlal.
  6313 | D:4      | Noticed an ogre
  6811 | D:4      | Reached XP level 7. HP: 21/50 MP: 7/7
  7484 | D:4      | Found a staircase to the Ecumenical Temple.
  7707 | D:3      | HP: 1/51 [Crazy Yiuf/+3 quarterstaff of chaos (11)]
  7707 | D:3      | Slain by Crazy Yiuf

Illustrated notes

Levels and vault maps discovered:
D:1:      minmay_arrival_arboretum_small, layout_loops_corners,
          chequers_arboretum
D:2:      layout_basic, old_standard_altar, general_overflow_altar,
          overflow_temple_1_default, uniq_robin
D:3:      layout_loops_ring, nicolae_overflow_hidden_temple,
          chequers_temple_overflow_minitemple, nicolae_qazlal_general_emergency,
          uniq_crazy_yiuf_cottage
D:4:      layout_cave_pools, minmay_temple_entry_glassed_door,
          amcnicky_mini_pool_small, minmay_unequal

Skill      XL: |  1  2  3  4  5  6  7 |
---------------+----------------------+-----
Short Blades   | 1 2 3 |  3.2
Armour         | 3 |  3.9
Dodging        | 2 3 |  3.4
Evocations     | 4 |  4.3
Fighting       | 2 |  2.4
Stealth        | 2 |  2.2

Action                   |  1- 3 |  4- 6 |  7- 9 || total
-------------------------+-------+-------+-------++-------
Melee: Club              |    22 |       |       ||    22
       Dagger            |   190 |   385 |    45 ||   620
Evoke: Wand              |     3 |    30 |    10 ||    43
  Use: Scroll            |       |     2 |       ||     2
       Potion            |       |     1 |       ||     1
 Stab: Sleeping          |     1 |     2 |       ||     3
       Confused          |       |     1 |       ||     1
Armor: Leather armour    |    52 |    63 |     4 ||   119
Dodge: Dodged            |   121 |   228 |    17 ||   366
